General information
- name: BNet
- type: Ladder team game (AT/RT)
- host: Battle.net
- saver: QueenOfESPORTS
map: Deathknell
- players: 8
- length: 33:21
- speed: Fast
- version: 1.26 W3XP
- replay type: Public
» download(266 KB)
Players
team 1 (loser)
D.e.a.t.h (
yellow | 27 APM | 903 actions | 33:19)
5 Mountain King
3 Storm Bolt
2 Bash
4 Paladin
2 Holy Light
2 Divine Shield
4 Archmage
2 Brilliance Aura
2 Summon Water Elemental
» actions
| Build / train | 117 | |
| Enter build submenu | 38 | |
| Enter hero's abilities submenu | 13 | |
| Give item / drop item | 4 | |
| Remove unit from queue | 6 | |
| Right click | 264 | |
| Select / deselect | 343 | |
| Use ability | 118 | |
903 total
» units
| Peasant | 13 | |
| Footman | 6 | |
| Priest | 9 | |
| Knight | 6 | |
| Sorceress | 5 | |
| Spell Breaker | 2 | |
| Rifleman | 2 | |
43 total
» upgrades
| Masonry | 3 | |
| Plating | 3 | |
| Lumber Harvesting | 2 | |
| Swords | 3 | |
| Animal War Training | 1 | |
| Priest Training | 2 | |
| Sorceress Training | 2 | |
| Magic Sentry | 1 | |
| Long Rifles | 1 | |
| Gunpowder | 2 | |
| Armor | 2 | |
| Control Magic | 1 | |
| Backpack | 1 | |
24 total
» buildings
| Altar of Kings | 1 | |
| Farm | 13 | |
| Barracks | 1 | |
| Lumber Mill | 2 | |
| Scout Tower | 13 | |
| Arcane Tower | 6 | |
| Arcane Vault | 1 | |
| Guard Tower | 7 | |
| Keep | 3 | |
| Blacksmith | 1 | |
| Town Hall | 2 | |
| Arcane Sanctum | 1 | |
| Castle | 1 | |
52 total
» build order
00:18 Altar of Kings
00:36 Farm
00:51 Farm
01:08 Barracks
01:22 Lumber Mill
01:40 Farm
02:12 Scout Tower
02:26 Scout Tower
02:41 Arcane Tower
02:52 Scout Tower
02:58 Arcane Tower
03:05 Arcane Vault
03:18 Guard Tower
03:25 Farm
04:12 Keep
04:21 Scout Tower
05:02 Farm
05:09 Guard Tower
05:24 Blacksmith
06:01 Scout Tower
06:45 Guard Tower
06:48 Farm
07:55 Town Hall
08:23 Arcane Sanctum
09:08 Castle
09:42 Scout Tower
11:38 Guard Tower
11:41 Farm
13:00 Scout Tower
13:28 Guard Tower
13:31 Farm
14:20 Farm
16:29 Farm
20:53 Farm
21:39 Farm
22:19 Scout Tower
22:57 Lumber Mill
23:04 Arcane Tower
23:09 Scout Tower
23:52 Town Hall
23:59 Keep
24:04 Guard Tower
24:08 Farm
24:53 Scout Tower
25:21 Arcane Tower
25:25 Scout Tower
26:41 Arcane Tower
26:49 Scout Tower
27:05 Keep
27:39 Guard Tower
27:43 Scout Tower
28:37 Arcane Tower
» items
| Scroll of Regeneration | 3 | |
| Lesser Clarity Potion | 5 | |
| Orb of Fire | 2 | |
| Scroll of Town Portal | 1 | |
11 total
ObamaPRISMBot (
teal | 126 APM | 4182 actions | 33:19)
5 Pandaren Brewmaster
2 Drunken Haze
3 Breath of Fire
4 Naga Sea Witch
2 Forked Lightning
2 Frost Arrows
» actions
| Assign group hotkey | 213 | |
| Basic commands | 365 | |
| Build / train | 140 | |
| ESC pressed | 8 | |
| Enter build submenu | 68 | |
| Enter hero's abilities submenu | 13 | |
| Give item / drop item | 1 | |
| Right click | 1713 | |
| Select / deselect | 763 | |
| Select group hotkey | 731 | |
| Use ability | 165 | |
4182 total
» units
| Wisp | 66 | |
| Archer | 5 | |
| Ice Troll Berserker | 2 | |
| Dryad | 3 | |
| Druid of the Talon | 3 | |
| Goblin Sapper | 19 | |
| Glaive Thrower | 4 | |
| Goblin Zeppelin | 1 | |
| Goblin Shredder | 1 | |
104 total
» upgrades
| Nature's Blessing | 1 | |
| Strength of the Wild | 2 | |
| Reinforced Hides | 2 | |
| Abolish Magic | 1 | |
| Druid of the Claw Training | 2 | |
| Hippogryph Taming | 1 | |
| Druid of the Talon Training | 2 | |
| Improved Bows | 1 | |
| Marksmanship | 1 | |
| Strength of the Moon | 1 | |
| Moon Armor | 1 | |
| Mark of the Claw | 1 | |
| Vorpal Blades | 1 | |
17 total
» buildings
| Moon Well | 7 | |
| Ancient of War | 14 | |
| Altar of Elders | 1 | |
| Tree of Ages | 2 | |
| Tree of Life | 3 | |
| Hunter's Hall | 4 | |
| Ancient Protector | 18 | |
| Ancient of Lore | 3 | |
| Ancient of Wind | 3 | |
| Tree of Eternity | 1 | |
56 total
» build order
00:20 Moon Well
00:37 Moon Well
01:29 Ancient of War
01:44 Ancient of War
02:09 Altar of Elders
02:45 Moon Well
05:26 Tree of Ages
05:26 Tree of Ages
05:58 Tree of Life
06:19 Hunter's Hall
06:26 Hunter's Hall
06:28 Hunter's Hall
06:28 Hunter's Hall
07:14 Moon Well
07:31 Ancient Protector
07:32 Ancient Protector
09:53 Ancient Protector
10:34 Ancient of Lore
10:34 Ancient of Lore
10:35 Ancient of Lore
11:37 Ancient of Wind
11:37 Ancient of Wind
11:38 Ancient of Wind
11:48 Tree of Eternity
11:53 Moon Well
12:45 Moon Well
12:45 Moon Well
16:28 Ancient Protector
16:29 Ancient Protector
16:38 Ancient Protector
19:49 Tree of Life
21:01 Tree of Life
22:03 Ancient of War
22:03 Ancient of War
22:40 Ancient of War
22:40 Ancient of War
22:42 Ancient of War
23:14 Ancient Protector
23:20 Ancient Protector
24:34 Ancient Protector
24:35 Ancient Protector
24:36 Ancient Protector
24:37 Ancient Protector
24:40 Ancient Protector
24:42 Ancient Protector
24:42 Ancient Protector
24:43 Ancient Protector
24:44 Ancient Protector
24:46 Ancient Protector
29:29 Ancient of War
29:30 Ancient of War
29:31 Ancient of War
29:33 Ancient of War
29:33 Ancient of War
29:34 Ancient of War
29:36 Ancient of War
» items
KodoPowerNerf (
purple | 44 APM | 1457 actions | 33:19)
4 Pit Lord
2 Rain of Fire
2 Cleaving Attack
4 Far Seer
2 Far Sight
2 Chain Lighting
3 Shadow Hunter
2 Hex
1 Healing Wave
» actions
| Assign group hotkey | 22 | |
| Basic commands | 118 | |
| Build / train | 91 | |
| ESC pressed | 5 | |
| Enter build submenu | 17 | |
| Enter hero's abilities submenu | 11 | |
| Give item / drop item | 1 | |
| Right click | 406 | |
| Select / deselect | 314 | |
| Select group hotkey | 322 | |
| Use ability | 150 | |
1457 total
» units
| Peon | 29 | |
| Spirit Walker | 2 | |
| Goblin Sapper | 3 | |
| Tauren | 9 | |
| Goblin Shredder | 1 | |
44 total
» upgrades
| Melee Weapons | 4 | |
| Armor | 3 | |
| Spirit Walker Training | 2 | |
| Pulverize | 1 | |
| Reinforced Defenses | 1 | |
11 total
» buildings
| Altar of Storms | 1 | |
| Orc Burrow | 6 | |
| War Mill | 1 | |
| Voodoo Lounge | 1 | |
| Stronghold | 1 | |
| Fortress | 1 | |
| Spirit Lodge | 1 | |
| Great Hall | 4 | |
| Tauren Totem | 2 | |
18 total
» build order
00:06 Altar of Storms
00:30 Orc Burrow
01:03 War Mill
03:32 Orc Burrow
03:36 Orc Burrow
03:40 Orc Burrow
03:47 Voodoo Lounge
04:47 Stronghold
07:34 Fortress
07:36 Spirit Lodge
08:41 Orc Burrow
10:50 Great Hall
10:55 Tauren Totem
11:11 Tauren Totem
15:36 Orc Burrow
21:00 Great Hall
26:38 Great Hall
26:44 Great Hall
» items
| Healing Salve | 2 | |
| Lesser Clarity Potion | 4 | |
| Scroll of Speed | 3 | |
| Potion of Healing | 6 | |
| Orb of Lightning | 2 | |
| Scroll of Town Portal | 1 | |
| Orb of Fire | 1 | |
| Staff of Sanctuary | 1 | |
20 total

»
leb433 (
green | 47 APM | 1560 actions | 33:19)
6 Archmage
3 Summon Water Elemental
2 Brilliance Aura
1 Mass Teleport
» actions
| Assign group hotkey | 29 | |
| Basic commands | 160 | |
| Build / train | 81 | |
| ESC pressed | 8 | |
| Enter build submenu | 23 | |
| Enter hero's abilities submenu | 6 | |
| Give item / drop item | 1 | |
| Remove unit from queue | 3 | |
| Right click | 410 | |
| Select / deselect | 319 | |
| Select group hotkey | 424 | |
| Use ability | 96 | |
1560 total
» units
| Peasant | 17 | |
| Rifleman | 11 | |
| Goblin Shredder | 1 | |
| Sorceress | 12 | |
| Priest | 12 | |
53 total
» upgrades
| Lumber Harvesting | 1 | |
| Long Rifles | 1 | |
| Sorceress Training | 2 | |
| Priest Training | 2 | |
| Gunpowder | 3 | |
| Armor | 3 | |
12 total
» buildings
| Altar of Kings | 1 | |
| Farm | 12 | |
| Barracks | 2 | |
| Blacksmith | 1 | |
| Lumber Mill | 1 | |
| Arcane Vault | 1 | |
| Town Hall | 1 | |
| Keep | 1 | |
| Arcane Sanctum | 3 | |
| Castle | 1 | |
24 total
» build order
00:09 Altar of Kings
00:14 Farm
00:55 Barracks
01:34 Blacksmith
01:58 Farm
02:03 Lumber Mill
02:25 Farm
02:36 Barracks
02:41 Farm
02:42 Farm
06:01 Arcane Vault
06:09 Town Hall
06:24 Keep
06:39 Farm
06:43 Farm
11:16 Arcane Sanctum
11:19 Arcane Sanctum
11:23 Arcane Sanctum
11:30 Castle
15:10 Farm
16:46 Farm
17:28 Farm
19:29 Farm
21:32 Farm
» items
| Scroll of Regeneration | 1 | |
| Scroll of Town Portal | 2 | |
| Orb of Fire | 1 | |
4 total
team 2 (winner)

»
jack55555 (
orange | 123 APM | 2319 actions | 18:49)
4 Paladin
2 Holy Light
2 Divine Shield
2 Mountain King
1 Storm Bolt
1 Thunder Clap
1 Blood Mage
1 Banish
» actions
| Assign group hotkey | 230 | |
| Basic commands | 91 | |
| Build / train | 117 | |
| ESC pressed | 5 | |
| Enter build submenu | 35 | |
| Enter hero's abilities submenu | 8 | |
| Give item / drop item | 2 | |
| Right click | 745 | |
| Select / deselect | 395 | |
| Select group hotkey | 613 | |
| Use ability | 78 | |
2319 total
» units
| Peasant | 26 | |
| Footman | 9 | |
| Goblin Shredder | 5 | |
| Goblin Zeppelin | 3 | |
| Flying Machine | 10 | |
| Knight | 9 | |
62 total
» upgrades
| Masonry | 1 | |
| Lumber Harvesting | 1 | |
| Swords | 3 | |
| Plating | 3 | |
| Gunpowder | 3 | |
| Flak Cannons | 1 | |
| Animal War Training | 1 | |
13 total
» buildings
| Altar of Kings | 1 | |
| Farm | 13 | |
| Barracks | 3 | |
| Lumber Mill | 1 | |
| Town Hall | 2 | |
| Scout Tower | 8 | |
| Arcane Tower | 6 | |
| Keep | 2 | |
| Blacksmith | 2 | |
| Arcane Vault | 2 | |
| Guard Tower | 8 | |
| Castle | 1 | |
| Workshop | 4 | |
53 total
» build order
00:08 Altar of Kings
00:18 Farm
00:20 Barracks
00:51 Farm
01:30 Farm
02:44 Farm
03:19 Lumber Mill
04:12 Town Hall
04:16 Scout Tower
04:51 Arcane Tower
04:51 Arcane Tower
05:07 Keep
05:08 Keep
05:21 Farm
06:16 Blacksmith
06:20 Blacksmith
06:30 Arcane Vault
06:33 Scout Tower
06:42 Scout Tower
06:46 Farm
07:01 Farm
07:03 Guard Tower
07:04 Guard Tower
07:13 Guard Tower
07:13 Guard Tower
07:35 Castle
07:47 Workshop
07:48 Workshop
08:19 Barracks
09:35 Workshop
09:53 Barracks
10:57 Town Hall
11:05 Farm
11:05 Farm
11:06 Farm
11:11 Scout Tower
11:57 Arcane Tower
11:58 Arcane Tower
13:32 Farm
14:24 Workshop
15:33 Scout Tower
15:34 Scout Tower
15:35 Scout Tower
15:35 Scout Tower
16:10 Guard Tower
16:10 Guard Tower
17:19 Guard Tower
17:21 Farm
17:41 Farm
18:05 Arcane Vault
» items
| Scroll of Regeneration | 1 | |
| Scroll of Town Portal | 1 | |
| Potion of Healing | 1 | |
| Staff of Sanctuary | 1 | |
| Orb of Fire | 1 | |
5 total

»
doodyballs (
blue | 53 APM | 1761 actions | 33:19)
» actions
| Assign group hotkey | 4 | |
| Basic commands | 91 | |
| Build / train | 22 | |
| ESC pressed | 3 | |
| Enter build submenu | 24 | |
| Give item / drop item | 1 | |
| Right click | 424 | |
| Select / deselect | 156 | |
| Select group hotkey | 7 | |
| Use ability | 1029 | |
1761 total
» units
» buildings
| Graveyard | 1 | |
| Crypt | 1 | |
| Ziggurat | 45 | |
| Spirit Tower | 15 | |
| Necropolis | 3 | |
65 total
» build order
03:24 Graveyard
03:52 Crypt
04:09 Ziggurat
04:14 Ziggurat
04:32 Ziggurat
04:36 Ziggurat
05:14 Spirit Tower
05:51 Spirit Tower
05:54 Spirit Tower
06:27 Ziggurat
06:28 Ziggurat
06:30 Ziggurat
06:32 Ziggurat
07:41 Spirit Tower
07:47 Ziggurat
07:49 Ziggurat
07:50 Ziggurat
07:52 Ziggurat
08:26 Ziggurat
08:28 Ziggurat
08:29 Ziggurat
08:31 Ziggurat
08:32 Ziggurat
09:12 Spirit Tower
09:30 Spirit Tower
09:54 Ziggurat
09:56 Ziggurat
10:38 Spirit Tower
10:48 Ziggurat
11:32 Spirit Tower
12:08 Ziggurat
12:11 Ziggurat
12:12 Ziggurat
12:14 Ziggurat
12:15 Ziggurat
13:29 Spirit Tower
14:16 Ziggurat
14:17 Ziggurat
14:21 Ziggurat
14:42 Ziggurat
14:44 Ziggurat
15:18 Ziggurat
16:03 Spirit Tower
16:13 Spirit Tower
16:19 Spirit Tower
17:01 Ziggurat
17:02 Ziggurat
18:24 Spirit Tower
18:31 Ziggurat
18:33 Ziggurat
18:35 Ziggurat
18:37 Ziggurat
18:39 Ziggurat
18:40 Ziggurat
21:10 Spirit Tower
23:02 Ziggurat
23:03 Ziggurat
23:04 Ziggurat
23:54 Ziggurat
23:55 Ziggurat
23:56 Ziggurat
24:50 Spirit Tower
30:45 Necropolis
30:56 Necropolis
31:33 Necropolis

»
QueenOfESPORTS (
pink | 137 APM | 4565 actions | 33:21)
4 Archmage
2 Summon Water Elemental
2 Brilliance Aura
» actions
| Assign group hotkey | 51 | |
| Basic commands | 569 | |
| Build / train | 87 | |
| ESC pressed | 3 | |
| Enter build submenu | 41 | |
| Enter hero's abilities submenu | 4 | |
| Remove unit from queue | 2 | |
| Right click | 1647 | |
| Select / deselect | 834 | |
| Select group hotkey | 489 | |
| Use ability | 834 | |
4565 total
» units
| Peasant | 21 | |
| Footman | 3 | |
| Rifleman | 14 | |
| Goblin Sapper | 1 | |
| Goblin Shredder | 1 | |
| Mortar Team | 5 | |
45 total
» upgrades
| Gunpowder | 3 | |
| Lumber Harvesting | 1 | |
| Armor | 2 | |
| Long Rifles | 1 | |
| Flare | 1 | |
8 total
» buildings
| Altar of Kings | 1 | |
| Farm | 11 | |
| Barracks | 3 | |
| Lumber Mill | 2 | |
| Blacksmith | 1 | |
| Arcane Vault | 1 | |
| Keep | 1 | |
| Town Hall | 2 | |
| Scout Tower | 6 | |
| Guard Tower | 5 | |
| Arcane Tower | 2 | |
| Workshop | 3 | |
| Castle | 2 | |
| Cannon Tower | 2 | |
42 total
» build order
00:10 Altar of Kings
00:25 Farm
00:29 Barracks
01:04 Lumber Mill
01:37 Farm
02:23 Blacksmith
02:33 Farm
03:07 Farm
03:38 Arcane Vault
03:53 Farm
04:01 Keep
05:46 Town Hall
08:07 Barracks
08:14 Scout Tower
08:16 Scout Tower
08:46 Guard Tower
08:46 Arcane Tower
08:48 Scout Tower
08:49 Scout Tower
08:54 Lumber Mill
09:19 Arcane Tower
09:19 Guard Tower
09:27 Farm
11:34 Barracks
11:36 Farm
12:06 Farm
12:10 Farm
12:46 Farm
12:48 Farm
12:58 Town Hall
13:04 Workshop
14:13 Scout Tower
14:21 Castle
14:21 Castle
15:52 Scout Tower
16:04 Guard Tower
16:05 Guard Tower
16:06 Cannon Tower
16:28 Cannon Tower
17:06 Workshop
17:07 Workshop
» items
| Scroll of Regeneration | 2 | |
| Potion of Healing | 3 | |
| Ivory Tower | 9 | |
| Scroll of Town Portal | 1 | |
15 total
Reclaimer (
red | 26 APM | 877 actions | 33:19)
3 Pit Lord
1 Rain of Fire
1 Howl of Terror
1 Cleaving Attack
» actions
| Basic commands | 3 | |
| Build / train | 63 | |
| Enter build submenu | 28 | |
| Enter hero's abilities submenu | 3 | |
| Right click | 418 | |
| Select / deselect | 320 | |
| Use ability | 42 | |
877 total
» units
| Wisp | 13 | |
| Archer | 25 | |
| Faerie Dragon | 7 | |
| Druid of the Claw | 2 | |
| Chimaera | 3 | |
50 total
» upgrades
| Moon Armor | 1 | |
| Strength of the Moon | 1 | |
| Strength of the Wild | 1 | |
| Reinforced Hides | 1 | |
| Druid of the Claw Training | 2 | |
| Mark of the Claw | 1 | |
7 total
» buildings
| Altar of Elders | 1 | |
| Moon Well | 7 | |
| Ancient of War | 1 | |
| Hunter's Hall | 2 | |
| Ancient of Wonders | 1 | |
| Tree of Ages | 1 | |
| Tree of Eternity | 1 | |
| Ancient of Lore | 1 | |
| Ancient of Wind | 1 | |
| Chimaera Roost | 3 | |
| Ancient Protector | 2 | |
| Tree of Life | 1 | |
22 total
» build order
00:25 Altar of Elders
00:52 Moon Well
01:35 Ancient of War
03:47 Moon Well
04:52 Hunter's Hall
05:49 Ancient of Wonders
06:53 Tree of Ages
07:05 Hunter's Hall
10:06 Moon Well
10:30 Tree of Eternity
11:32 Ancient of Lore
14:34 Ancient of Wind
14:54 Moon Well
15:52 Moon Well
16:21 Moon Well
16:27 Moon Well
18:11 Chimaera Roost
18:43 Chimaera Roost
21:36 Chimaera Roost
30:40 Ancient Protector
31:57 Ancient Protector
32:09 Tree of Life
Chat log
(00:06 / All) QueenOfESPORTS: we meet agian
(00:11 / All) QueenOfESPORTS: again*
(00:15 / All) ObamaPRISMBot: Obama PRISM Bot scanning for terrorists...
(00:22 / All) ObamaPRISMBot: *WARNING*
(00:23 / All) KodoPowerNerf: Try Northrend?
(00:25 / All) ObamaPRISMBot: TERRORISTS DETECTED
(00:31 / All) ObamaPRISMBot: KodoPowerNerf - Select Race (Orc)
(00:34 / All) KodoPowerNerf: Oh well nvm then
(00:36 / All) KodoPowerNerf: AHHHH
(00:40 / All) KodoPowerNerf: IT'S JUST LIK THAT SCENE IN ROBOCOP
(00:44 / All) ObamaPRISMBot: ...automating SWAT team...
(00:56 / All) ObamaPRISMBot: ...thank you for selecting Obama PRISM Bot!
(00:58 / All) KodoPowerNerf: Yeah, one of them used to be penpals with karune
(01:13 / All) ObamaPRISMBot: Karune, Karune, Karune is on fire...
(01:14 / All) KodoPowerNerf: He'd buy private hacks, stick his name on them and publicly release them
(01:14 / All) Reclaimer: yeah snowden plays on northrend server
(01:21 / All) ObamaPRISMBot: We don't need no mods, let the mods burn.
(01:23 / All) ObamaPRISMBot: Burn, mods. Burn.
(01:40 / All) ObamaPRISMBot: Obama PRISM bot can only be present in one game at a time.
(01:49 / All) KodoPowerNerf: Hah
(01:57 / All) QueenOfESPORTS: casual
(02:11 / All) QueenOfESPORTS: if you were a true e-sports master
(02:11 / All) Reclaimer: im a tourist
(02:15 / All) QueenOfESPORTS: you'd play 5 games at once
(02:17 / All) doodyballs: westboro baptist church ftw
(02:27 / All) ObamaPRISMBot: I am just a man being paid 127,000 dollars a year to pretend to be a bot.
(02:30 / All) ObamaPRISMBot: Leave me alone.
(02:32 / All) ObamaPRISMBot: I do my job.
(02:34 / All) ObamaPRISMBot: I pay my taxes.
(02:41 / All) doodyballs: teal
(02:46 / All) ObamaPRISMBot: what
(02:48 / All) Reclaimer: pit lords!
(02:49 / All) doodyballs: how much do i have to pay you
(02:54 / All) doodyballs: to suck my DICK
(02:58 / All) doodyballs: BITCH
(03:03 / All) ObamaPRISMBot: I don't want to do anymore of that.
(03:07 / All) ObamaPRISMBot: The NSA makes me do enough of it.
(03:07 / All) KodoPowerNerf: That was a nice picture
(03:15 / All) KodoPowerNerf: 2 pls flaming eachother at melee range
(03:33 / All) ObamaPRISMBot: sorry can't chat anymore
(03:35 / All) ObamaPRISMBot: gotta win the game
(03:41 / All) doodyballs: OOPS
(04:01 / All) doodyballs: YOUR A BITCH ASS MOTHERFUCKER
(04:06 / All) ObamaPRISMBot: It's "you'r".
(04:19 / All) Reclaimer: you're*********
(04:21 / All) doodyballs: ACTUALLY ITS YOU'RE
(04:24 / All) doodyballs: MORON
(04:26 / All) QueenOfESPORTS: your'e***
(04:31 / All) QueenOfESPORTS: learn to grammar
(04:33 / All) Reclaimer: lol grammer naziss
(04:40 / All) QueenOfESPORTS: i bet you're like silver in lol or something
(04:41 / All) QueenOfESPORTS: trash
(05:06 / All) doodyballs: my member isnt that big teal
(05:10 / All) KodoPowerNerf: I remember getting into plat when plat was top
(05:11 / All) doodyballs: itll fit nicely in your mouth
(05:13 / All) ObamaPRISMBot: umad
(05:16 / All) Reclaimer: look at pink in his skimpy whore armor
(05:17 / All) KodoPowerNerf: ...in 4s
(05:33 / All) KodoPowerNerf: ...by playing with h4x&co
(05:34 / All) ObamaPRISMBot: Cant chat
(05:35 / All) ObamaPRISMBot: microing
(05:41 / All) doodyballs: LOL
(05:48 / All) doodyballs: YEAH RIGHT 4V4 RT THERE IS NO MICRO
(05:56 / All) KodoPowerNerf: Who are you?
(06:06 / All) doodyballs: purple shut th fuck up
(06:10 / All) ObamaPRISMBot: okay i like blue
(06:10 / All) KodoPowerNerf: Are you loof
(06:12 / All) doodyballs: fucking piece of shit
(06:22 / All) QueenOfESPORTS: blue seems mad
(06:24 / All) doodyballs: fuck you
(06:31 / All) QueenOfESPORTS: "doodyballs"
(06:35 / All) QueenOfESPORTS: i bet he tried cod
(06:36 / All) doodyballs: LOL
(06:38 / All) doodyballs: lol
(06:39 / All) QueenOfESPORTS: and died
(06:42 / All) QueenOfESPORTS: cause he's bad
(06:42 / All) doodyballs: doodyballs
(06:44 / All) doodyballs: lmao
(06:48 / All) doodyballs: never played cod
(06:56 / All) doodyballs: this is honestly like the only comp game ive ever played
(07:00 / All) doodyballs: and i dont play video games
(07:02 / All) QueenOfESPORTS: comp game?
(07:05 / All) QueenOfESPORTS: cod is for the xbox
(07:11 / All) doodyballs: see
(07:12 / All) QueenOfESPORTS: corporate shill.
(07:16 / All) doodyballs: i dont even know what im tlaking about
(07:19 / All) QueenOfESPORTS: how dare you slander microsoft
(07:22 / All) doodyballs: online poker is where its at
(07:28 / All) doodyballs: too bad its illgal in the us
(07:38 / All) doodyballs: do something about that teak
(07:49 / All) Reclaimer: shhhh obamas bots!
(10:51 / All) ObamaPRISMBot: where the hell is orange
(11:02 / All) doodyballs: up your ass you mother fucker
(11:17 / All) Reclaimer: im the night efls of the winter
(11:48 / All) QueenOfESPORTS: well yellow killed my archmage
(11:56 / All) QueenOfESPORTS: for the low cost of his entire army and a paladin
(12:03 / All) Reclaimer: lol
(12:06 / All) ObamaPRISMBot: if you get the chance to kill an old man
(12:08 / All) ObamaPRISMBot: you have to take it
(12:12 / All) QueenOfESPORTS: why
(12:14 / All) Reclaimer: lumber plz
(12:16 / All) QueenOfESPORTS: he'll be dead soon enough
(12:26 / All) doodyballs: anyone here heard of the westboro baptist church
(12:33 / All) Reclaimer: yeah
(12:34 / All) ObamaPRISMBot: they're casuals
(12:41 / All) doodyballs: i hate them
(12:49 / All) KodoPowerNerf: yeah I meet ghetto there to go to parties from
(12:51 / All) doodyballs: just because theyre really weird
(12:52 / All) KodoPowerNerf: where the music goes
(12:54 / All) KodoPowerNerf: wub wub
(12:56 / All) KodoPowerNerf: wub wub wub
(12:58 / All) KodoPowerNerf: u gusy no that on
(13:04 / All) doodyballs: i would shit in that weird ladies mouth who runs it
(13:13 / All) Reclaimer: ah shit creep sheep
(13:22 / All) doodyballs: shit right in her mouth and shove it down her throat with mah dick
(13:33 / All) doodyballs: too much?
(13:39 / All) KodoPowerNerf: (are we sure this isn't cydra?)
(13:46 / All) QueenOfESPORTS: we're not sure
(13:51 / All) QueenOfESPORTS: also reclaimer was purple last game
(13:52 / All) doodyballs: purple i gotta sya
(13:56 / All) QueenOfESPORTS: which was funny
(13:56 / All) doodyballs: youre a fuck
(14:02 / All) KodoPowerNerf: ur*
(14:05 / All) Reclaimer: not sure if obama is black or night elf
(14:26 / All) KodoPowerNerf: oh crap
(14:32 / All) KodoPowerNerf: THAT WAS MEANT TO BE A SURPRISE
(14:34 / All) ObamaPRISMBot: seriously what is going on in this game
(14:44 / All) KodoPowerNerf: I tried to kill rifles with goblins
(14:46 / All) KodoPowerNerf: That's what
(14:57 / All) doodyballs: im just trying to get mah dick wet
(15:06 / All) ObamaPRISMBot: hmmm
(15:08 / All) ObamaPRISMBot: blue
(15:10 / All) ObamaPRISMBot: you gonna be useful
(15:17 / All) ObamaPRISMBot: oh right you're a blizzard employee
(15:17 / All) ObamaPRISMBot: forgot
(15:22 / All) doodyballs: fuck you
(15:48 / All) ObamaPRISMBot: fuck you what
(15:50 / All) ObamaPRISMBot: you're terrible dude
(15:52 / All) doodyballs: im gonna drop a mud monkey on your mothers face
(15:52 / All) ObamaPRISMBot: how about you do something
(16:08 / All) doodyballs: whatre you gay?
(16:18 / All) ObamaPRISMBot: to hell with this ill just win the game myself
(16:37 / All) Reclaimer: obama sucks cock
(16:43 / All) KodoPowerNerf: You have my giant logs of wood
(16:44 / All) ObamaPRISMBot: so that's where you got it from huh
(16:48 / All) KodoPowerNerf: And my spirit link
(16:53 / All) QueenOfESPORTS: heathens
(16:54 / All) KodoPowerNerf: and my farsight
(16:55 / All) Reclaimer: well jack we won thx
(17:50 / All) Reclaimer: go jack!!
(18:42 / All) ObamaPRISMBot: blue
(18:46 / All) ObamaPRISMBot: im reporting you to karune
(18:50 / All) ObamaPRISMBot: good luck getting a pay raise
(18:52 / All) doodyballs: no polease dont
(18:59 / All) QueenOfESPORTS: man
(19:02 / All) ObamaPRISMBot: by the way i remember when cyclone used to be 30 seconds
(19:02 / All) KodoPowerNerf: I kinda want to track down his email
(19:04 / All) ObamaPRISMBot: undispellable
(19:08 / All) QueenOfESPORTS: blue only has spirit towrs
(19:09 / All) ObamaPRISMBot: and when it got nerfed
(19:11 / All) ObamaPRISMBot: the elves complained
(19:16 / All) QueenOfESPORTS: and red is like
(19:20 / All) QueenOfESPORTS: i don't even fucking know
(19:25 / All) ObamaPRISMBot: lol
(19:26 / All) QueenOfESPORTS: he's like trying to expand
(19:30 / All) KodoPowerNerf: I haven't seen him all game
(19:31 / All) doodyballs: where am i
(19:33 / All) KodoPowerNerf: I didn't realize he was here
(19:37 / All) ObamaPRISMBot: the only time i saw him all game
(19:40 / All) ObamaPRISMBot: he disappeared 20 seconds later
(19:42 / All) ObamaPRISMBot: when i wasted his army
(19:51 / All) doodyballs: lol red sucks
(19:53 / All) ObamaPRISMBot: this was utterly disappointing
(19:54 / All) QueenOfESPORTS: i think he's afk right now
(19:55 / All) ObamaPRISMBot: blue
(19:57 / All) doodyballs: i beat him last game on my real account
(20:01 / All) ObamaPRISMBot: you have nothing but spirit towers
(20:04 / All) ObamaPRISMBot: oh wait
(20:07 / All) ObamaPRISMBot: so you're flashbang
(20:08 / All) doodyballs: oj on his team was good and red is the reason they lost
(20:12 / All) Reclaimer: back sry
(20:14 / All) KodoPowerNerf: Nah flashbang's not in here
(20:24 / All) ObamaPRISMBot: oh nvm
(20:25 / All) ObamaPRISMBot: wrong game
(20:29 / All) KodoPowerNerf: mmhm
(20:32 / All) QueenOfESPORTS: i'm holding blue hostage
(20:38 / All) QueenOfESPORTS: He can't type
(20:42 / All) QueenOfESPORTS: has to stop the tk
(20:51 / All) ObamaPRISMBot: ohlawd
(20:55 / All) ObamaPRISMBot: coming
(21:25 / All) QueenOfESPORTS: i got him don't worry
(21:36 / All) ObamaPRISMBot: lol
(21:38 / All) KodoPowerNerf: r u sure
(21:48 / All) ObamaPRISMBot: the sad thing is
(21:51 / All) ObamaPRISMBot: blue thought he was gonna win
(21:57 / All) KodoPowerNerf: not sad
(22:05 / All) KodoPowerNerf: amusing perhaps
(22:22 / All) KodoPowerNerf: You guys left a greater mana pot just lying there
(22:25 / All) KodoPowerNerf: Can I have it?
(22:35 / All) leb433: that was me who left it
(23:09 / All) ObamaPRISMBot: gold me now
(23:10 / All) ObamaPRISMBot: or i stab
(23:24 / All) ObamaPRISMBot: fuck you lol
(23:33 / All) QueenOfESPORTS: don't stab
(23:34 / All) KodoPowerNerf: password accepted.
(23:35 / All) QueenOfESPORTS: blue needs the loss
(23:40 / All) ObamaPRISMBot: oh lawd
(23:42 / All) ObamaPRISMBot: green is killing my army
(23:44 / All) ObamaPRISMBot: OH NOES
(23:47 / All) KodoPowerNerf: is he really
(23:57 / All) KodoPowerNerf: Orange never got flying machien bombs
(23:59 / All) ObamaPRISMBot: he killed my panda
(24:24 / All) QueenOfESPORTS: lol
(24:36 / Allies) Reclaimer: gold plz
(24:43 / All) QueenOfESPORTS: red asks for gold
(24:47 / All) QueenOfESPORTS: priceless
(24:53 / All) KodoPowerNerf: hah
(24:58 / All) KodoPowerNerf: Should highperch your chatlog
(25:38 / All) KodoPowerNerf: SEE THAT
(25:39 / All) KodoPowerNerf: I HELPED
(25:46 / All) ObamaPRISMBot: spirit linking my wisps
(25:49 / All) ObamaPRISMBot: is a criminal offense
(26:18 / All) QueenOfESPORTS: He's slowly weakening his own defensive force
(26:21 / All) ObamaPRISMBot: i guess green doesn't like me
(26:21 / All) QueenOfESPORTS: by killing orange
(26:29 / All) ObamaPRISMBot: because it hurts for him to pee
(26:42 / All) QueenOfESPORTS: he doesn't like you because you know that
(26:51 / All) ObamaPRISMBot: he shouldnt be bragging about it on facebook then
(27:09 / All) QueenOfESPORTS: this is amusing
(27:34 / All) QueenOfESPORTS: kill orange's hero
(27:34 / All) QueenOfESPORTS: go
(27:44 / All) QueenOfESPORTS: good
(27:52 / All) QueenOfESPORTS: for some reason red hasn't quit yet
(28:01 / All) KodoPowerNerf: yellow what're you doing
(28:02 / Allies) Reclaimer: because
(28:07 / All) QueenOfESPORTS: list of worst players in this game
(28:10 / All) QueenOfESPORTS: 1. all of you
(28:12 / All) QueenOfESPORTS: 2. red
(28:13 / All) doodyballs: red
(28:14 / All) QueenOfESPORTS: 3. blue
(28:14 / All) ObamaPRISMBot: lol
(28:15 / All) doodyballs: you suck
(28:17 / All) QueenOfESPORTS: 4. yellow
(28:23 / All) QueenOfESPORTS: 5. red
(28:26 / All) QueenOfESPORTS: 6. everyone else
(28:52 / All) QueenOfESPORTS: trying to expand
(28:56 / All) QueenOfESPORTS: with his main tree
(28:59 / All) QueenOfESPORTS: after his main mines out
(29:02 / All) QueenOfESPORTS: this is esports
(29:06 / All) QueenOfESPORTS: this is magic
(29:11 / All) QueenOfESPORTS: this is... 4v4 random team
(29:16 / All) ObamaPRISMBot: DO YOU BELIEVE IN E-SPORTS
(29:18 / All) ObamaPRISMBot: AND I HOPE YOU DO
(29:22 / All) ObamaPRISMBot: YOU'VE ALWAYS GOT A FRIEND
(29:25 / All) KodoPowerNerf: You were meant to lead them, Kal-lowell
(29:43 / All) KodoPowerNerf: and you will help them accomplish wins
(30:14 / All) Reclaimer: need some help killing my base? ok
(30:20 / All) KodoPowerNerf: KIK
(30:20 / All) KodoPowerNerf: LOL
(30:26 / All) KodoPowerNerf: He attacked himself with an AoW
(30:27 / All) ObamaPRISMBot: no red
(30:29 / All) ObamaPRISMBot: we didn't
(30:30 / All) ObamaPRISMBot: but thanks
(30:36 / All) QueenOfESPORTS: a noble attempt to save face
(30:39 / All) QueenOfESPORTS: sadly we saw it all
(30:44 / All) QueenOfESPORTS: we know your dirty secret
(30:45 / All) KodoPowerNerf: I had to spirit link my tauren to fight blue acos
(30:50 / All) QueenOfESPORTS: we know... you play for fun
(30:51 / All) Reclaimer: im making 1 building just to shitt on you
(30:54 / All) ObamaPRISMBot: oops
(31:04 / All) QueenOfESPORTS: red you know that those get revealed
(31:05 / All) QueenOfESPORTS: right
(31:18 / All) Reclaimer: its a tree of life,,
(31:20 / All) Reclaimer: jk
(31:21 / Allies) doodyballs: red build tree of lifes and hide them
(31:26 / All) Reclaimer: :(
(31:29 / All) QueenOfESPORTS: he doesn't have the money
(31:33 / All) QueenOfESPORTS: i have the money of course
(31:40 / Allies) doodyballs: use those and buld
(31:45 / All) KodoPowerNerf: He should blame Obama
(31:51 / All) Reclaimer: give me any gold u have hehe
(31:58 / All) KodoPowerNerf: Oh fuck This is the first of red's units I've seen all game
(32:01 / All) KodoPowerNerf: and it's ATTACKING ME!
(32:11 / All) QueenOfESPORTS: terrifying
(32:15 / All) ObamaPRISMBot: green
(32:21 / All) ObamaPRISMBot: 259-300
(32:22 / All) ObamaPRISMBot: HOW
(33:03 / All) Reclaimer: hehe you bastards
(33:17 / All) QueenOfESPORTS: they'll never find your hidden tree